 Dungeon Sprint DCSS version 0.21-a0-364-gbd1fde4 (webtiles) character file.

16181 saturnerianis the Tortoise (level 12, -1/91 HPs)
             Began as a Gargoyle Fighter on Oct 14, 2017.
             Was a High Priest of Okawaru.
             Shot with an arrow by a deep elf master archer (14 damage)
             ... in the Dungeon (Sprint V: "Ziggurat Sprint").
             The game lasted 00:16:19 (1370 turns).

saturnerianis the Tortoise (Gargoyle Fighter)       Turns: 1370, Time: 00:16:19

Health: -1/91      AC: 45    Str: 32    XL:     12   Next: 34%
Magic:  12/12      EV:  4    Int: 17    God:    Okawaru [*****.]
Gold:   0          SH: 34    Dex: 14    Spells: 11/11 levels left

rFire    . . .     SeeInvis .   a - +5 demon whip
rCold    . . .     Gourm    .   p - +18 shield of the Gong {rElec rN+ MR+ EV-5}
rNeg     + + .     Faith    .   o - +15 Maxwell's patent armour {-Cast -Tele rElec MR+ rCorr}
rPois    ∞         Spirit   .   (no helmet)
rElec    +         Reflect  .   q - +0 cloak {MR+}
rCorr    +         Harm     .   b - +0 pair of gloves {Str+3}
MR       +++..     NoTele   +   (no boots) Stlth ..........NoCast +
                                r - amulet "Cian" {+Fly Regen+ Int+3 Stlth+}
HPRegen  0.65/turn              w - +6 ring of strength
MPRegen  0.13/turn              n - ring of Tamofurgh {rElec Int+3 Dex+5}

@: no status effects
A: negative energy resistance 1, electricity resistance, unbreathing,
petrification resistance, rot immunity, AC +8
a: Heroism, Finesse, Renounce Religion, Evoke Flight


You were in the Dungeon.
You worshipped Okawaru.
Okawaru was extremely pleased with you.
You were hungry.

You visited 1 branch

Inventory:

Hand Weapons
 a - a +5 demon whip (weapon)
Armour
 b - a +0 pair of gloves of strength (worn)
 o - the +15 Maxwell's patent armour (worn) {-Cast -Tele rElec MR+ rCorr}
   (You found it in the Dungeon)

   It insulates you from electricity.
   It affects your resistance to hostile enchantments.
   It prevents spellcasting.
   It prevents most forms of teleportation.
   It protects you from acid and corrosion.
 p - the +18 shield of the Gong (worn) {rElec rN+ MR+ EV-5}
   (You found it in the Dungeon)

   It affects your evasion (-5).
   It insulates you from electricity.
   It protects you from negative energy.
   It affects your resistance to hostile enchantments.
 q - a +0 cloak of magic resistance (worn)
Jewellery
 n - the ring of Tamofurgh (right hand) {rElec Int+3 Dex+5}
   (You found it in the Dungeon)

   [ring of dexterity]

   It affects your intelligence (+3).
   It affects your dexterity (+5).
   It insulates you from electricity.
 r - the amulet "Cian" (around neck) {+Fly Regen+ Int+3 Stlth+}
   (You found it in the Dungeon)

   [amulet of regeneration]

   It affects your intelligence (+3).
   It lets you fly.
   It increases your rate of regeneration.
   It makes you more stealthy.
 w - a +6 ring of strength (left hand)
Scrolls
 k - 4 scrolls of blinking
 m - a scroll of brand weapon
 E - 4 scrolls of amnesia
 F - 3 scrolls of recharging
 G - 7 scrolls of fog
 H - 2 scrolls of holy word
 I - 5 scrolls of identify
 J - 5 scrolls of remove curse
 K - 2 scrolls of fear
Potions
 d - 6 potions of might
 e - 10 potions of curing
 g - 10 potions of heal wounds
 h - 6 potions of haste
 i - 7 potions of magic
 j - 3 potions of berserk rage
 z - 2 potions of brilliance
 A - 2 potions of invisibility
 B - 4 potions of resistance
 D - 5 potions of agility
Comestibles
 f - 5 bread rations
 l - 3 royal jellies
 L - 42 fruits
 M - 4 meat rations


   Skills:
 + Level 17.5 Fighting
 - Level 12.0 Maces & Flails
 + Level 17.5 Armour
 + Level 17.5 Shields


You had 11 spell levels left.
You didn't know any spells.

Dungeon Overview and Level Annotations

Branches:
Dungeon (1/1)

Altars:
Ashenzari
Cheibriados
Dithmenos
Elyvilon
Fedhas
Gozag
Hepliaklqana
Kikubaaqudgha
Makhleb
Nemelex Xobeh
Okawaru
Qazlal
Ru
Sif Muna
Trog
Uskayaw
Vehumet
Wu Jian
Xom
Yredelemnul
Zin
The Shining One
Beogh
Jiyva
Lugonu

Annotations:
D 1 transporter


Innate Abilities, Weirdness & Mutations

You are resistant to torment.
Your stone body is resilient. (AC +8)
You are immune to poison.
You resist negative energy. (rN+)
You are resistant to electric shocks. (rElec)
You can survive without breathing.
You are immune to petrification.
You are immune to rotting.


Message History

You block the deep elf sorcerer's attack.
GONNNNG!
The deep elf master archer shoots an arrow.
GONNNNG!
You block the arrow.
You block the deep elf high priest's attack.
GONNNNG!
There are monsters nearby!
You hit the deep elf high priest.
The deep elf high priest is lightly wounded.
The deep elf knight hits you but does no damage.
Something hits you.
* * * LOW HITPOINT WARNING * * *
You block the deep elf sorcerer's attack.
BOUMMMMG!
The deep elf annihilator mumbles some strange words.
The deep elf annihilator blinks!
The deep elf master archer shoots an arrow.
The arrow hits you!
You die...

▓...:....▓..
▓▓▓▓▓▓▓▓▓▓▓▓▓........▓..
▓....8©8....▓...))...▓..
▓.§}...|):..▓.▓....▓.▓.▓
▓...))|)|[..▓...©....▓..
▓...........▓▓▓▓▓▓▓▓▓▓▓▓
▓...e.......▓...8©8...▓.
▓...*.Eee...▓..=|:|...▓.
▓..§.ee@.e..▓...|.|...▓.
▓..▓..e{e▓..▓.........▓.
▓▓.e.▓▓ ▓.........▓.
▓..▓.....▓..▓..†††....▓.
▓.....©.....▓..†......▓.
▓▓▓▓▓▓▓▓▓▓▓▓▓.▓.....▓.▓.
▓....8©8....▓....©....▓.
▓..=.|..|}..▓▓▓▓▓▓▓▓▓▓▓▓
▓...||::....▓...8©8...▓.


You could see a deep elf master archer, a deep elf annihilator, 2 deep elf
sorcerers, a deep elf archer, a deep elf knight, a deep elf high priest, a water
elemental, 2 deep elf magi and a battlesphere.

Vanquished Creatures
  A ghoul (D)
  A green draconian (D)
  A red draconian (D)
  A yellow draconian (D)
  A yaktaur captain (D)
  2 soul eaters (D)
  A dancing weapon (D)
  A vampire mage (D)
  2 skeletal warriors (D)
  2 wolf spiders (D)
  5 draconians (D)
  A hellion (D)
  A rime drake (D)
  3 yaktaurs (D)
  A red devil (D)
  2 jumping spiders (D)
  A polar bear (D)
  A shadow (D)
  A tarantella (D)
  2 flying skulls (D)
  A redback (D)
  A large abomination (D)
  A wraith (D)
  A vampire (D)
  2 spriggans (D)
  A wyvern (D)
  A steam dragon (D)
  5 acid dragons (D)
  3 hell hounds (D)
  A water moccasin (D)
  A swamp drake (D)
  A black bear (D)
  An ice beast (D)
  3 necrophages (D)
  A wolf (D)
  2 centaurs (D)
  A scorpion (D)
  2 wights (D)
  An iron imp (D)
  An adder (D)
  2 shadow imps (D)
  2 white imps (D)
  An ufetubus (D)
  A spectral adder (D)
  2 adder skeletons (D)
  2 ball pythons (D)
  6 bat skeletons (D)
  6 bat zombies (D)
  A giant cockroach zombie (D)
  A leopard gecko zombie (D)
  A quokka skeleton (D)
  A spectral giant cockroach (D)
88 creatures vanquished.

Notes
Turn   | Place    | Note
-------+----------+-------------------------------------------
     0 | D        | Found the +6 Majin-Bo {vamp, Archmagi MP+6 Int+6}
     0 | D        | Found the +7 great mace "Firestarter" {inner flame, rF++}
     0 | D        | saturnerianis the Gargoyle Fighter began the quest for the Orb.
     0 | D        | Reached XP level 1. HP: 14/14 MP: 1/1
     3 | D        | Found a blossoming altar of Fedhas.
     4 | D        | Found a hazy altar of Hepliaklqana.
     4 | D        | Found a viscous altar of Jiyva.
     4 | D        | Found an opulent altar of Gozag.
     4 | D        | Found a transporter.
     4 | D        | Found an ancient bone altar of Kikubaaqudgha.
    10 | D        | Found a corrupted altar of Lugonu.
    12 | D        | Found a burning altar of Makhleb.
    14 | D        | Found an iron altar of Okawaru.
    14 | D        | Found a stormy altar of Qazlal.
    14 | D        | Found a sparkling altar of Nemelex Xobeh.
    14 | D        | Found a sacrificial altar of Ru.
    14 | D        | Found a deep blue altar of Sif Muna.
    19 | D        | Found the +9 heavy crossbow "Sniper" {velocity, Acc+∞ SInv}
    19 | D        | Found the +10 dark maul {crush}
    19 | D        | Found the +15 Maxwell's patent armour {-Cast -Tele rElec MR+ rCorr}
    19 | D        | Found the +18 shield of the Gong {rElec rN+ MR+ EV-5}
    19 | D        | Found the cursed +14 obsidian axe {chop, +Fly SInv *Curse}
    22 | D        | Found a bloodstained altar of Trog.
    61 | D        | Found the +6 shillelagh "Devastator" {shatter}
    61 | D        | Found the +11 plutonium sword {*Contam Stlth-}
    61 | D        | Found the +8 lance "Wyrmbane" {slay drac, rPois rF+ rC+ AC+3}
    61 | D        | Found the +9 sword of Zonguldrok {reap}
    61 | D        | Found the cursed +13 scythe of Curses {drain, *Curse}
    61 | D        | Found the +0 sword of Power
    61 | D        | Found the +5 mace of Variability {chaos}
    61 | D        | Found the +7 Singing Sword
    61 | D        | Found the +7 longbow "Piercer" {penet, EV-2}
    73 | D        | Became a worshipper of Warmaster Okawaru
   155 | D        | Reached skill level 5 in Fighting
   155 | D        | Reached skill level 5 in Armour
   155 | D        | Reached skill level 5 in Shields
   155 | D        | Reached XP level 2. HP: 21/21 MP: 2/2
   169 | D        | Entered arena 2.
   169 | D        | Noticed a necrophage
   169 | D        | Found a transporter.
   176 | D        | Killed a necrophage
   176 | D        | Reached skill level 5 in Maces & Flails
   176 | D        | Reached XP level 3. HP: 28/28 MP: 3/3
   176 | D        | Reached XP level 4. HP: 32/32 MP: 4/4
   183 | D        | Got the +3 chain mail of a bailey {Int+3}
   190 | D        | Entered arena 3.
   190 | D        | Noticed an ice beast
   190 | D        | Noticed a polar bear
   190 | D        | Found a transporter.
   202 | D        | Killed an ice beast
   202 | D        | Reached * piety under Okawaru
   202 | D        | Reached XP level 5. HP: 38/38 MP: 5/5
   211 | D        | Killed a polar bear
   211 | D        | Reached XP level 6. HP: 23/45 MP: 6/6
   373 | D        | Entered arena 4.
   373 | D        | Noticed a water moccasin
   373 | D        | Found a transporter.
   386 | D        | Killed a water moccasin
   386 | D        | Reached XP level 7. HP: 51/51 MP: 7/7
   421 | D        | Entered arena 5.
   421 | D        | Noticed a spriggan
   421 | D        | Noticed a spriggan
   421 | D        | Found a transporter.
   435 | D        | Killed a spriggan
   435 | D        | Reached ** piety under Okawaru
   442 | D        | Killed a spriggan
   449 | D        | Reached skill level 10 in Fighting
   449 | D        | Reached skill level 10 in Armour
   449 | D        | Reached skill level 10 in Shields
   449 | D        | Reached XP level 8. HP: 55/57 MP: 8/8
   477 | D        | Got the amulet "Cian" {+Fly Regen+ Int+3 Stlth+}
   483 | D        | Entered arena 6.
   483 | D        | Noticed a large abomination
   483 | D        | Found a transporter.
   502 | D        | Killed a large abomination
   528 | D        | Entered arena 7.
   528 | D        | Noticed a yaktaur
   528 | D        | Noticed a yaktaur
   528 | D        | Noticed a yaktaur captain
   528 | D        | Noticed a yaktaur
   529 | D        | Found a transporter.
   535 | D        | Killed a yaktaur
   535 | D        | Reached *** piety under Okawaru
   542 | D        | Killed a yaktaur captain
   542 | D        | Reached skill level 10 in Maces & Flails
   542 | D        | Reached XP level 9. HP: 45/65 MP: 9/9
   546 | D        | Killed a yaktaur
   561 | D        | Killed a yaktaur
   561 | D        | Reached **** piety under Okawaru
   586 | D        | Got the +4 scale mail of the Dropbear {rPois rF+ Int+2}
   606 | D        | Entered arena 8.
   607 | D        | Found a transporter.
   631 | D        | Got the +1 robe of Baldness {+Fly rF- rCorr}
   633 | D        | Got the ring of Tamofurgh {rElec Int+3 Dex+5}
   638 | D        | Got the +4 pair of gloves "Kipan" {rF+ rN+ Str+2 Slay-4}
   647 | D        | Entered arena 9.
   647 | D        | Noticed a jumping spider
   647 | D        | Noticed a jumping spider
   647 | D        | Noticed a wolf spider
   647 | D        | Noticed a wolf spider
   648 | D        | Found the +7 Kryia's mail coat {PotionHeal*2 rC+}
   648 | D        | Found a transporter.
   657 | D        | Killed a wolf spider
   657 | D        | Reached XP level 10. HP: 60/72 MP: 10/10
   661 | D        | Killed a wolf spider
   675 | D        | Reached ***** piety under Okawaru
   724 | D        | Entered arena 10.
   724 | D        | Noticed a green draconian
   724 | D        | Noticed a yellow draconian
   724 | D        | Noticed a draconian
   724 | D        | Noticed a draconian
   724 | D        | Noticed a draconian
   724 | D        | Noticed a draconian
   724 | D        | Noticed a draconian
   724 | D        | Noticed a red draconian
   725 | D        | Found a transporter.
   743 | D        | Killed a red draconian
   743 | D        | Received a gift from Okawaru
   747 | D        | Killed a draconian
   760 | D        | Killed a draconian
   767 | D        | Killed a draconian
   767 | D        | Reached XP level 11. HP: 43/80 MP: 11/11
   774 | D        | Killed a draconian
   788 | D        | Killed a draconian
   802 | D        | Killed a green draconian
   802 | D        | Reached skill level 15 in Fighting
   802 | D        | Reached skill level 15 in Armour
   802 | D        | Reached skill level 15 in Shields
   810 | D        | Killed a yellow draconian
   888 | D        | Got the cursed +0 leather armour "Assius" {rPois Dex+3}
   892 | D        | Got the +3 dagger of Valour {pierce, +Blink}
   909 | D        | Entered arena 11.
   910 | D        | Found a transporter.
   985 | D        | Entered arena 12.
   985 | D        | Noticed a vampire mage
   985 | D        | Noticed a skeletal warrior
   985 | D        | Noticed a skeletal warrior
  1004 | D        | Killed a vampire mage
  1004 | D        | Received a gift from Okawaru
  1015 | D        | Killed a skeletal warrior
  1022 | D        | Killed a skeletal warrior
  1075 | D        | Got the cursed +1 falchion of Uskayaw's Whim {speed, rF+ Dex+2}
  1075 | D        | Got the ring "Raak" {MR+ Int+6 Dex-5}
  1079 | D        | Found a transporter.
  1089 | D        | Got the +11 rapier of Distant Worlds {flame, *Noise MR+ SInv}
  1128 | D        | Entered arena 13.
  1128 | D        | Noticed a ghoul
  1129 | D        | Noticed a soul eater
  1129 | D        | Noticed a soul eater
  1158 | D        | Killed a ghoul
  1158 | D        | Reached XP level 12. HP: 65/90 MP: 12/12
  1176 | D        | Killed a soul eater
  1183 | D        | Killed a soul eater
  1239 | D        | Found a transporter.
  1245 | D        | Got the ring "Ziochak" {+Inv rN+}
  1263 | D        | Entered arena 14.
  1322 | D        | Found a transporter.
  1347 | D        | Entered arena 15.
  1348 | D        | Noticed a deep elf knight
  1348 | D        | Noticed a deep elf annihilator
  1349 | D        | Noticed a deep elf knight
  1349 | D        | Noticed a deep elf sorcerer
  1349 | D        | Noticed a deep elf high priest
  1349 | D        | Noticed a deep elf master archer
  1349 | D        | Noticed a deep elf knight
  1349 | D        | Noticed a deep elf sorcerer
  1350 | D        | Found a transporter.
  1370 | D        | Shot with an arrow by a deep elf master archer

Vault maps used:
D:        sprint_v

Skill      XL: |  1  2  3  4  5  6  7  8  9 10 11 12 |
---------------+-------------------------------------+-----
Fighting       | 5 6 7 8 9 10 11 12 14 16 17 | 17.5
Maces & Flails | 4 5 6 7 8 10 11 12 | 12.0
Armour         | 5 6 7 8 9 10 11 12 14 16 17 | 17.5
Shields        | 5 6 7 8 9 10 11 12 14 16 17 | 17.5

Action                   |  1- 3 |  4- 6 |  7- 9 | 10-12 || total
-------------------------+-------+-------+-------+-------++-------
Melee: Demon whip        |     7 |    32 |   111 |   312 ||   462
  Use: Potion            |     1 |       |       |       ||     1
 Stab: Confused          |       |       |       |     1 ||     1
  Eat: Chunk             |       |       |       |     1 ||     1
Armor: Plate armour      |     1 |    34 |    54 |   163 ||   252
Dodge: Dodged            |       |     4 |     8 |    24 ||    36
Block: Shield            |     5 |    78 |   214 |   561 ||   858

Table legend:
 A = Spawn XP
 B = Non-spawn XP
 C = Spawn XP percentage of total XP
 D = Spawn monster count
 E = Non-spawn monster count
 F = Spawn count percentage of total count
 G = Total turns spent on level
                    A         B        C        D         E        F      G
               +---------+---------+-------+---------+---------+-------+---------
         Total |       0 |   23106 |   0.0 |       0 |      88 |   0.0 |  1370
               +---------+---------+-------+---------+---------+-------+---------
             D |       0 |   23106 |   0.0 |       0 |      88 |   0.0 |  1370
               +---------+---------+-------+---------+---------+-------+---------
